 Dungeon Crawl Stone Soup version 0.29-a0-555-g3b24f45cc1 (webtiles) character file.

Game seed: 2978233657741586927

777 MechDurjaeses the Ducker (level 7, -2/56 HPs)
             Began as a Gnoll Gladiator on June 6, 2022.
             Was an Initiate of Okawaru.
             Succumbed to a water moccasin's poison
             ... on level 5 of the Dungeon on June 7, 2022.
             The game lasted 00:10:16 (4214 turns).

MechDurjaeses the Ducker (Gnoll Gladiator)          Turns: 4214, Time: 00:10:17

Health: -2/56      AC:  6    Str: 13    XL:     7   Next: 84%
Magic:  11/11      EV: 14    Int:  9    God:    Okawaru [......]
Gold:   238        SH:  0    Dex: 20    Spells: 10/11 levels left

rFire   + . .      SeeInvis .   a - +1 trident
rCold   + . .      Faith    .   (no shield)
rNeg    . . .      Spirit   .   l - +0 ring mail
rPois   .          Reflect  .   c - +0 helmet
rElec   .          Harm     .   u - scarf {rC+ rF+}
rCorr   .          Rampage  .   (no gloves)
Will    .....                   (no boots)
Stlth   ++........              (no amulet)
HPRegen 0.18/turn               o - +6 ring of dexterity
MPRegen 0.12/turn               (no ring)

@: mighty, lethally poisoned (-2 -> -21), flying, studying Fire Magic
A: fangs 1, strong nose, distributed training
a: Renounce Religion


You were on level 5 of the Dungeon.
You worshipped Okawaru.
Okawaru was noncommittal.
You visited 2 branches of the dungeon, and saw 6 of its levels.
You also visited: Sewer.

You collected 238 gold pieces.

Inventory:

Hand Weapons
 a - a +1 trident (weapon)
Missiles
 e - 3 javelins (quivered)
 i - 5 poisoned darts
Armour
 c - a +0 helmet (worn)
 f - a +0 cloak
 l - a +0 ring mail (worn)
 n - a +0 plate armour
 u - a scarf of resistance (worn)
Jewellery
 o - a +6 ring of dexterity (left hand)
Wands
 x - a wand of acid (6)
Scrolls
 b - a scroll of magic mapping
 g - a scroll of fog
 q - a scroll of blinking
 r - 4 scrolls of amnesia
 t - 3 scrolls of teleportation
 v - a scroll of fear
Potions
 d - a potion of curing {unknown}
 h - a potion of ambrosia
 j - a potion of lignification {unknown}
 k - a potion of attraction
 m - 2 potions of resistance
 p - 2 potions of flight
 s - a potion of might
 w - a potion of heal wounds {unknown}
 z - a potion of invisibility {unknown}
 A - 2 potions of degeneration {unknown}
 B - a potion of magic {unknown}


   Skills:
 + Level 5.4 Fighting
 + Level 2.7 Short Blades
 + Level 2.7 Long Blades
 + Level 2.7 Axes
 + Level 2.7 Maces & Flails
 + Level 7.1 Polearms
 + Level 2.7 Staves
 + Level 2.7 Slings
 + Level 2.7 Bows
 + Level 2.7 Crossbows
 + Level 5.4 Throwing
 + Level 2.7 Armour
 + Level 7.1 Dodging
 + Level 2.7 Stealth
 + Level 2.7 Shields
 + Level 2.7 Unarmed Combat
 + Level 2.7 Spellcasting
 + Level 2.2 Conjurations
 + Level 2.2 Hexes
 + Level 2.2 Summonings
 + Level 2.2 Necromancy
 + Level 2.2 Translocations
 + Level 2.2 Transmutations
 + Level 2.5 Fire Magic
 + Level 2.2 Ice Magic
 + Level 2.2 Air Magic
 + Level 2.2 Earth Magic
 + Level 2.2 Poison Magic
 + Level 3.0 Invocations
 + Level 2.7 Evocations


You had 10 spell levels left.
You knew the following spells:

 Your Spells              Type           Power      Damage    Failure   Level
a - Apportation           Tloc           10%        N/A       26%         1

Your spell library contained the following spells:

 Spells                   Type           Power      Damage    Failure   Level
 Alistair's Intoxication  Tmut/Pois      3%         N/A       100%        5


Dungeon Overview and Level Annotations

Branches:
Dungeon (5/15)             Temple (1/1) D:4           Sewer (visited)

Altars:
Ashenzari
Elyvilon
Fedhas
Gozag
Hepliaklqana
Kikubaaqudgha
Makhleb
Nemelex Xobeh
Okawaru
Qazlal
Ru
Sif Muna
Uskayaw
Wu Jian
Xom
Yredelemnul
Zin
The Shining One

Shops:
D:1 (


Innate Abilities, Weirdness & Mutations

You have very sharp teeth.
Your uncanny sense of smell can sniff out nearby items.
Your experience applies equally to all skills.


Message History

The adder hisses angrily.
You hit the water moccasin but do no damage.
Your bite misses the water moccasin.
You feel very sick.
The water moccasin completely misses you.
You are too injured to fight recklessly!
The water moccasin attacks as you move away!
The water moccasin misses you.
You feel sick.
You feel sick.
The water moccasin bites you but does no damage.
You feel sick.
The water moccasin attacks as you move away!
The water moccasin bites you.
You are lethally poisoned!
The water moccasin poisons you!
* * * LOW HITPOINT WARNING * * *
You feel very sick.
Things that are here:
an iguana corpse; a scorpion corpse The water moccasin attacks as you move away!
The water moccasin bites you but does no damage.
* * * LOW HITPOINT WARNING * * *
You feel very sick.
The water moccasin bites you but does no damage.
You see here a +0 shortbow.
* * * LOW HITPOINT WARNING * * *
You feel very sick.
It was a potion of flight.
You feel very buoyant.
You fly up into the air.
* * * LOW HITPOINT WARNING * * *
You feel sick. The water moccasin bites you.
* * * LOW HITPOINT WARNING * * *
The water moccasin bites you.
* * * LOW HITPOINT WARNING * * *
You are more poisoned.
The water moccasin poisons you!
It was a potion of might.
You feel very mighty all of a sudden.
You die...

# #?........# #.
#.........# #.#
#.........# #..#
########.#.#####
#...### #......<.#.#
#.....# #.#######..#
####. #.###.#####
#.##
.[....##†##..##..#
#.# #..(....SS@..#
#.#
###.###..####.###.#
##....#....###..#..#
.........S........##
#............##....##
#...............#..#
.............####.##
............... ...
.>.........####.#


You could see a water moccasin and an adder.

Vanquished Creatures
  A water moccasin (Sewer)
  An ogre (D:4)
  A centaur (D:5)
  A phantom (D:4)
  A scorpion (D:5)
  A necrophage (D:4)
  A howler monkey (D:5)
  A hound (D:5)
  3 iguanas
  9 adders
  A dart slug (D:4)
  A worm (D:4)
  An orc (D:3)
  10 endoplasms
  7 giant cockroaches
  9 goblins
  9 hobgoblins
  5 kobolds
  4 quokkas
  8 ball pythons
  4 bats
  3 frilled lizards
  5 rats
87 creatures vanquished.

Vanquished Creatures (collateral kills)
  A worm (D:4)
1 creature vanquished.

Vanquished Creatures (others)
  3 plants (D:3)
3 creatures vanquished.

Grand Total: 91 creatures vanquished

Notes
Turn   | Place    | Note
-------+----------+-------------------------------------------
     0 | D:1      | MechDurjaeses the Gnoll Gladiator began the quest for the
                  | Orb.
     0 | D:1      | Reached XP level 1. HP: 20/20 MP: 1/1
   235 | D:1      | Reached XP level 2. HP: 26/26 MP: 2/2
   397 | D:1      | Found Falehif's Antique Weapon Emporium.
   922 | D:2      | Found a faded altar of an unknown god.
   974 | D:2      | Reached XP level 3. HP: 31/31 MP: 3/3
  1117 | D:2      | Reached skill level 1 in Invocations
  1173 | D:2      | Reached skill level 1 in Short Blades
  1173 | D:2      | Reached skill level 1 in Long Blades
  1173 | D:2      | Reached skill level 1 in Axes
  1173 | D:2      | Reached skill level 1 in Maces & Flails
  1173 | D:2      | Reached skill level 1 in Staves
  1173 | D:2      | Reached skill level 1 in Slings
  1173 | D:2      | Reached skill level 1 in Bows
  1173 | D:2      | Reached skill level 1 in Crossbows
  1173 | D:2      | Reached skill level 1 in Armour
  1173 | D:2      | Reached skill level 1 in Stealth
  1173 | D:2      | Reached skill level 1 in Shields
  1173 | D:2      | Reached skill level 1 in Unarmed Combat
  1173 | D:2      | Reached skill level 1 in Spellcasting
  1173 | D:2      | Reached skill level 1 in Evocations
  1175 | D:2      | Reached XP level 4. HP: 30/38 MP: 5/5
  1727 | D:3      | Reached skill level 1 in Conjurations
  1727 | D:3      | Reached skill level 1 in Hexes
  1727 | D:3      | Reached skill level 1 in Summonings
  1727 | D:3      | Reached skill level 1 in Necromancy
  1727 | D:3      | Reached skill level 1 in Translocations
  1727 | D:3      | Reached skill level 1 in Transmutations
  1727 | D:3      | Reached skill level 1 in Fire Magic
  1727 | D:3      | Reached skill level 1 in Ice Magic
  1727 | D:3      | Reached skill level 1 in Air Magic
  1727 | D:3      | Reached skill level 1 in Earth Magic
  1727 | D:3      | Reached skill level 1 in Poison Magic
  1970 | D:3      | Upgraded the game from 0.29-a0-553-g81b289dbe5 to
                  | 0.29-a0-555-g3b24f45cc1
  2166 | D:4      | Reached XP level 5. HP: 42/43 MP: 6/6
  2197 | D:4      | Found a sacrificial altar of Ru.
  2216 | D:4      | Noticed a phantom
  2228 | D:4      | Killed a phantom
  2345 | D:4      | Reached XP level 6. HP: 22/50 MP: 8/8
  2370 | D:4      | Found a glowing drain.
  2374 | Sewer    | Entered a sewer
  2562 | Sewer    | Noticed a water moccasin
  2581 | Sewer    | Killed a water moccasin
  2582 | Sewer    | Reached skill level 5 in Fighting
  2582 | Sewer    | Reached skill level 5 in Throwing
  2986 | D:4      | Reached XP level 7. HP: 48/56 MP: 10/10
  3357 | D:4      | Found an ornate altar of the Wu Jian Council.
  3446 | D:4      | Found a staircase to the Ecumenical Temple.
  3454 | Temple   | Entered the Ecumenical Temple
  3651 | Temple   | Became a worshipper of Warmaster Okawaru
  3794 | D:4      | Learned a level 1 spell: Apportation
  4058 | D:5      | Entered Level 5 of the Dungeon
  4213 | D:5      | HP: 1/56 [water moccasin (3)]
  4214 | D:5      | Succumbed to a water moccasin's poison

Illustrated notes

Levels and vault maps discovered:
D:1:      roderic_octagonal_star, layout_loops_ring, serial_shops, shop
D:2:      layout_basic, nicolae_ecumenical_snake_handling, minmay_between
D:3:      layout_rooms, serial_bayou_lake_a
D:4:      layout_basic, nicolae_overflow_crystal_walls,
          mainiacjoe_overflow_alcove_1, minmay_temple_entry_fiery,
          gup_sewer_entry_bowl, minmay_manual_maat
D:5:      layout_rooms, mainiacjoe_overflow_divided_tiny, old_standard_altar,
          chequers_decorated_corner, minmay_manual_mares
Temple:   regret_index_temple_sphere_string

Skill      XL: |  1  2  3  4  5  6  7 |
---------------+----------------------+-----
Invocations    | 1 2 3 |  3.0
Short Blades   | 1 2 |  2.7
Long Blades    | 1 2 |  2.7
Axes           | 1 2 |  2.7
Maces & Flails | 1 2 |  2.7
Staves         | 1 2 |  2.7
Slings         | 1 2 |  2.7
Bows           | 1 2 |  2.7
Crossbows      | 1 2 |  2.7
Armour         | 1 2 |  2.7
Stealth        | 1 2 |  2.7
Shields        | 1 2 |  2.7
Unarmed Combat | 1 2 |  2.7
Spellcasting   | 1 2 |  2.7
Evocations     | 1 2 |  2.7
Conjurations   | 1 2 |  2.2
Hexes          | 1 2 |  2.2
Summonings     | 1 2 |  2.2
Necromancy     | 1 2 |  2.2
Translocations | 1 2 |  2.2
Transmutations | 1 2 |  2.2
Fire Magic     | 1 2 |  2.5
Ice Magic      | 1 2 |  2.2
Air Magic      | 1 2 |  2.2
Earth Magic    | 1 2 |  2.2
Poison Magic   | 1 2 |  2.2
Fighting       | 5 |  5.4
Throwing       | 5 |  5.4
Polearms       | 7 |  7.1
Dodging        | 7 |  7.1

Action                   |  1- 3 |  4- 6 |  7- 9 || total
-------------------------+-------+-------+-------++-------
Melee: Trident           |    90 |   158 |    67 ||   315
       Bite              |     4 |    11 |     8 ||    23
       Punch             |     1 |     3 |     1 ||     5
Throw: Throwing net      |       |     4 |       ||     4
       Javelin           |       |       |     3 ||     3
  Use: Scroll            |     3 |     9 |       ||    12
       Potion            |       |     1 |     2 ||     3
 Stab: Sleeping          |     1 |     3 |     3 ||     7
       Distracted        |       |     1 |       ||     1
       Held in net/web   |       |     1 |       ||     1
Armor: Leather armour    |     6 |       |       ||     6
       Ring mail         |    10 |    27 |    15 ||    52
Dodge: Dodged            |    35 |    93 |    36 ||   164

Table legend: (Time is in decaauts)
 A = Elapsed time spent in this place.
 B = Non-inter-level travel time spent in this place.
 C = Inter-level travel time spent in this place.
 D = Time resting spent in this place.
 E = Time spent auto-exploring this place.
 F = Levels seen in this place.
 G = Mean time per level.
                   A        B        C        D        E       F      G
               +--------+--------+--------+--------+--------+-----+--------+
         Total |   4238 |   3930 |    308 |    441 |   2701 |   7 |  605.4 |
       Dungeon |   3444 |   3212 |    232 |     24 |   2506 |   5 |  688.8 |
        Temple |    222 |    146 |     76 |      0 |    131 |   1 |  222.0 |
         Sewer |    571 |    571 |      0 |    417 |     63 |   1 |  571.0 |
               +--------+--------+--------+--------+--------+-----+--------+

Top non-repeatable levels by time:
     D:4: 1148 daAuts
     D:2: 872 daAuts
     D:1: 756 daAuts
   Sewer: 571 daAuts
     D:3: 511 daAuts
  Temple: 222 daAuts
     D:5: 155 daAuts
